 Dungeon Crawl Stone Soup version 0.22.1-2-g9c5b331 (webtiles) character file.

59632 Fang the Severer (level 14, -57/96 HPs)
             Began as a Gargoyle Berserker on Dec 6, 2018.
             Was a High Priest of Trog.
             Killed from afar by a hellephant (59 damage)
             ... with a blast of flame
             ... on level 3 of the Abyss.
             The game lasted 00:26:22 (17813 turns).

Fang the Severer (Gargoyle Berserker)              Turns: 17813, Time: 00:26:23

Health: -57/96     AC: 38    Str: 26    XL:     14   Next: 95%
Magic:  7/7        EV: 11    Int:  8    God:    Trog [*****.]
Gold:   1282       SH:  0    Dex: 11    Spells: 13/13 levels left

rFire    . . .     SeeInvis .   O - +6 broad axe (antimagic)
rCold    + + +     Gourm    .   (no shield)
rNeg     + . .     Faith    .   u - +8 chain mail of the Thirsty Moons {+Blink rC+++ Regen+ MP+9}
rPois    ∞         Spirit   .   a - +1 helmet
rElec    +         Reflect  .   (no cloak)
rCorr    .         Harm     .   (no gloves)
MR       +....     Clarity  +   (no boots)
Stlth    ..........             p - amulet of rage
HPRegen  0.66/turn              t - +3 ring of protection
MPRegen  0.10/turn              F - +2 ring of dexterity

@: flying
A: big wings, molten scales 1, clarity, negative energy resistance 1,
electricity resistance, unbreathing, petrification resistance, rot immunity, AC
+10
a: Stop Flying, Berserk, Trog's Hand, Brothers in Arms, Renounce Religion, Evoke
Blink, Evoke Berserk Rage


You were on level 3 of the Abyss.
You worshipped Trog.
Trog was extremely pleased with you.
You were near starving.

You visited 3 branches of the dungeon, and saw 21 of its levels.
You visited the Abyss 1 time.

You collected 1282 gold pieces.

Inventory:

Hand Weapons
 y - a +2 hand axe of electrocution
 D - a +3 war axe
 K - a +2 vampiric war axe
 O - a +6 antimagic broad axe (weapon)
Armour
 a - a +1 helmet (worn)
 f - a +5 plate armour
 k - the +5 plate armour "Tadie" {rC+ Int+4}
   (You found it on level 8 of the Dungeon)

   It affects your intelligence (+4).
   It protects you from cold.
 u - the +8 chain mail of the Thirsty Moons (worn) {+Blink rC+++ Regen+ MP+9}
   (You found it on level 5 of the Dungeon)

   It renders you almost immune to cold.
   It affects your magic capacity (+9).
   It lets you blink.
   It increases your rate of regeneration.
 L - +0 acid dragon scales
 P - the +2 hat of Gallantry {-Tele MR++ rCorr Slay+3}
   (You found it on level 3 of the Abyss)

   It affects your accuracy and damage with ranged weapons and melee attacks
   (+3).
   It affects your resistance to hostile enchantments.
   It prevents most forms of teleportation.
   It provides partial protection from all sources of acid and corrosion.
Jewellery
 e - a +3 ring of intelligence
 j - an uncursed ring of stealth
 p - an amulet of rage (around neck)
 t - a +3 ring of protection (left hand)
 E - a +3 ring of evasion
 F - a +2 ring of dexterity (right hand)
 M - an uncursed ring of protection from fire
 N - an uncursed ring of stealth
Wands
 g - a wand of enslavement (24)
 n - a wand of polymorph (36)
 w - a wand of iceblast (32)
 G - a wand of disintegration (10)
 H - a wand of digging (9)
 I - a wand of flame (54)
 J - a wand of scattershot (9)
Scrolls
 b - 4 scrolls of fear
 h - 12 scrolls of teleportation
 i - 3 scrolls of identify
 m - 5 scrolls of remove curse
 z - a scroll of enchant armour
Potions
 d - a potion of magic
 l - 4 potions of agility
 o - 6 potions of lignification
 q - 3 potions of berserk rage
 r - 4 potions of brilliance
 v - a potion of heal wounds
 x - 2 potions of resistance
 A - 6 potions of might
 B - 4 potions of haste
 C - 2 potions of curing
Comestibles
 c - 41 rations


   Skills:
 + Level 14.0 Fighting
 + Level 15.5 Axes
 + Level 13.6 Armour
 + Level 5.7 Dodging
 + Level 2.7 Stealth


You had 13 spell levels left.
You didn't know any spells.
Your spell library was empty.

Dungeon Overview and Level Annotations

Branches:
Dungeon (14/15)            Temple (1/1) D:7            Lair (6/6) D:9
 Shoals (0/4) Lair:3        Snake (0/4) Lair:4        Slime (0/5) Lair:6
    Orc (0/2) D:11
 Vaults: D:13-14

Altars:
Ashenzari
Cheibriados
Dithmenos
Elyvilon
Fedhas
Hepliaklqana
Kikubaaqudgha
Okawaru
Qazlal
Ru
Sif Muna
Wu Jian
Xom
Yredelemnul
Zin
The Shining One
Jiyva

Shops:
D:11 :   D:13 %

Annotations:
D:11 1 runed door, Lucherd's ghost, journeyman GnFE
D:13 2 transporters, exclusion: orange crystal statue, WhitewaterBastard's ghost, journeyman MiBe
D:14 Louise
Lair:4 exclusion: oklob plant
Lair:6 2 runed doors, WhitewaterBastard's ghost, journeyman MiFi


Innate Abilities, Weirdness & Mutations

You are resistant to torment.
Your stone body is resilient. (AC +10)
You are immune to poison.
Your large and strong wings let you fly indefinitely.
You resist negative energy. (rN+)
You are resistant to electric shocks. (rElec)
You can survive without breathing.
You are immune to petrification.
You are immune to rotting.
You are partially covered in molten scales. (AC +2)
You possess an exceptional clarity of mind.


Message History

Unknown command.
You are too injured to fight recklessly!
You're too hungry.
Your chain mail of the Thirsty Moons prevents you from hitting the hellephant.
The hellephant is lightly wounded.
The hellephant tramples you!!
* * * LOW HITPOINT WARNING * * *
You hold your ground!
The hellephant bites you but does no damage.
The hellephant gores you but does no damage.
Your two-headed ogre hits the starcursed mass with a giant club!!
The starcursed mass shudders and is absorbed by its neighbour.
You hit the hellephant but do no damage.
The hellephant is lightly wounded.
A chorus of shrieks assaults your mind.
* * * LOW HITPOINT WARNING * * *
The hellephant breathes flames at you. The blast of flame hits you!
Ouch! That really hurt!
You die...

.# ... .#
.. .. #..
.## .. #..
.# ..#. #
#.# .#@###
# #..#YX# #
# ≈≈
#...#.# # .
.≈≈
##..#OX# #
≈ #
#.......
#≈≈≈
#..#.....
#≈≈≈≈
##.#..X##.#
≈
..#....#.#
.. ..#≈ ≈
.##.... .


You could see a hellephant, 3 starcursed masses and a friendly two-headed ogre
(berserk).

Vanquished Creatures
  Rupert (D:12)
  An ophan (Abyss:3)
  Josephine (D:12)
  Fannar (Lair:3)
  Harold (D:7)
  4 hydras
  A catoblepas (Lair:4)
  A centaur warrior (D:14)
  2 two-headed ogres
  A merfolk avatar (Lair:6)
  4 death yaks (Lair:5)
  2 thrashing horrors (Abyss:3)
  Urug (Lair:3)
  A wretched star (Abyss:3)
  2 unseen horrors (D:13)
  A wizard (D:14)
  A harpy (Lair:6)
  2 ugly things
  A worldbinder (Abyss:3)
  A deep elf mage (D:13)
  2 slime creatures (D:13)
  2 manticores (Lair:6)
  2 merfolk sirens (Lair:3)
  3 elephants (Lair:6)
  4 cyclopes
  5 black mambas
  4 gargoyles
  5 spiny frogs
  A smoke demon (Abyss:3)
  4 rime drakes
  An efreet (D:14)
  A freezing wraith (D:14)
  2 trolls
  6 komodo dragons
  2 merfolk (Lair:3)
  3 large abominations (Abyss:3)
  2 hornets (Lair:6)
  8 polar bears
  A wind drake (Lair:6)
  7 blink frogs
  6 hippogriffs
  An air elemental (Abyss:3)
  Sigmund (D:5)
  5 wraiths (D:12)
  3 wyverns
  2 shadows
  29 yaks
  2 basilisks
  4 hungry ghosts
  4 vampire mosquitoes (D:14)
  A soldier ant (D:14)
  A naga (Lair:4)
  2 acid dragons (D:12)
  12 water moccasins
  6 porcupines
  4 sky beasts
  A hornet zombie (D:8)
  4 orc warriors
  2 ice beasts
  A black bear (D:9)
  2 phantoms
  A necrophage (D:10)
  6 ogres
  4 wolves
  A centaur (D:8)
  18 crocodiles
  A small abomination (Abyss:3)
  3 big kobolds
  A gnoll sergeant (D:5)
  16 bullfrogs
  A wyvern zombie (D:13)
  9 scorpions
  17 wights
  4 howler monkeys
  An electric eel (Lair:3)
  2 bullfrog zombies
  2 centaur zombies
  10 crimson imps
  2 starcursed masses (Abyss:3)
  7 hounds
  5 orc priests
  3 centaur skeletons
  An iron imp (Abyss:3)
  3 jellies
  17 orc wizards
  Crazy Yiuf (D:7)
  Jessica (D:2)
  A bullfrog skeleton (D:9)
  Terence (D:2)
  An iguana (D:14)
  Natasha (thrice) (D:2)
  10 worker ants
  2 hound zombies
  A hound skeleton (D:9)
  Robin (D:2)
  9 gnolls
  14 adders
  A shadow imp (D:12)
  An ufetubus (Abyss:3)
  An ooze (D:1)
  3 adder zombies
  A worm (D:2)
  5 dart slugs
  8 leopard geckos
  85 orcs
  A ball python (D:2)
  12 giant cockroaches
  19 goblins
  7 hobgoblins
  18 jackals
  2 quokkas
  8 bats
  4 frilled lizards
  A jackal zombie (D:5)
  25 kobolds
  A leopard gecko skeleton (D:8)
  A quokka skeleton (D:6)
  A quokka zombie (D:6)
  12 rats
  5 fungi
  4 plants
594 creatures vanquished.

Vanquished Creatures (collateral kills)
  7 hydras
  2 spiny frogs (Lair:2)
  A naga (Lair:4)
  An ogre (D:11)
  3 starcursed masses (Abyss:3)
  A crocodile (Lair:4)
15 creatures vanquished.

Vanquished Creatures (others)
  A large abomination (Abyss:3)
  3 fungi
  8 plants
12 creatures vanquished.

Grand Total: 621 creatures vanquished

Notes
Turn   | Place    | Note
-------+----------+-------------------------------------------
     0 | D:1      | Fang the Gargoyle Berserker began the quest for the Orb.
     0 | D:1      | Reached XP level 1. HP: 14/14 MP: 1/1
    34 | D:1      | Reached XP level 2. HP: 12/19 MP: 2/2
    40 | D:1      | Reached skill level 3 in Axes
   291 | D:1      | Reached XP level 3. HP: 22/24 MP: 3/3
   503 | D:1      | Reached ** piety under Trog
   875 | D:2      | Noticed Natasha
   886 | D:2      | Killed Natasha
   886 | D:2      | Reached XP level 4. HP: 21/29 MP: 4/4
  1049 | D:2      | Noticed Terence
  1065 | D:2      | Killed Terence
  1260 | D:2      | Found a glowing silver altar of Zin.
  1385 | D:2      | Reached skill level 4 in Axes
  1420 | D:2      | Reached XP level 5. HP: 29/33 MP: 5/5
  1530 | D:2      | Noticed Jessica
  1542 | D:2      | Noticed Robin
  1550 | D:2      | Killed Jessica
  1550 | D:2      | Reached *** piety under Trog
  1553 | D:2      | Noticed Natasha
  1556 | D:2      | Killed Robin
  1577 | D:2      | Killed Natasha
  2112 | D:2      | Noticed Natasha
  2129 | D:2      | Killed Natasha
  2129 | D:2      | Reached XP level 6. HP: 22/39 MP: 6/6
  2500 | D:3      | Found a glowing golden altar of the Shining One.
  2521 | D:3      | Reached skill level 5 in Axes
  2709 | D:3      | Reached **** piety under Trog
  2956 | D:3      | Found a shadowy altar of Dithmenos.
  3152 | D:4      | Reached XP level 7. HP: 44/44 MP: 7/7
  3155 | D:4      | Reached skill level 5 in Fighting
  3318 | D:4      | Found a blossoming altar of Fedhas.
  3630 | D:5      | Entered Level 5 of the Dungeon
  3664 | D:5      | Got a faintly humming chain mail
  3675 | D:5      | Identified the +8 chain mail of the Thirsty Moons {+Blink
                  | rC+++ Regen+ MP+9} (You found it on level 5 of the Dungeon)
  3705 | D:5      | Found an iron altar of Okawaru.
  3731 | D:5      | Reached skill level 6 in Axes
  3777 | D:5      | Found an ancient bone altar of Kikubaaqudgha.
  3858 | D:5      | Found a snail-covered altar of Cheibriados.
  4067 | D:5      | Noticed Sigmund
  4079 | D:5      | Killed Sigmund
  4079 | D:5      | Reached XP level 8. HP: 51/51 MP: 8/8
  4115 | D:5      | Found a sacrificial altar of Ru.
  4150 | D:5      | Reached skill level 5 in Armour
  4346 | D:6      | Reached ***** piety under Trog
  4624 | D:6      | Reached skill level 7 in Axes
  4770 | D:6      | Found a shattered altar of Ashenzari.
  4895 | D:6      | Reached XP level 9. HP: 56/56 MP: 9/9
  5034 | D:7      | Found a basalt altar of Yredelemnul.
  5051 | D:7      | Found a white marble altar of Elyvilon.
  5070 | D:7      | Found an ornate altar of the Wu Jian Council.
  5153 | D:7      | Found a stormy altar of Qazlal.
  5167 | D:7      | Found a runed door.
  5230 | D:7      | Noticed Harold
  5242 | D:7      | Killed Harold
  5242 | D:7      | Reached skill level 8 in Axes
  5242 | D:7      | Reached skill level 1 in Stealth
  5251 | D:7      | Received a gift from Trog
  5286 | D:7      | Noticed a two-headed ogre
  5299 | D:7      | Killed a two-headed ogre
  5299 | D:7      | Reached skill level 9 in Axes
  5605 | D:7      | Found a flagged portal.
  5630 | D:7      | Reached XP level 10. HP: 63/63 MP: 10/10
  5634 | D:7      | Received a gift from Trog
  5722 | D:7      | Found a staircase to the Ecumenical Temple.
  5927 | Temple   | Entered the Ecumenical Temple
  6184 | D:7      | Noticed Crazy Yiuf
  6188 | D:7      | Killed Crazy Yiuf
  6327 | D:8      | Reached skill level 10 in Axes
  7228 | D:8      | Got a heavily runed plate armour
  7239 | D:8      | Identified the +5 plate armour "Tadie" {rC+ Int+4} (You
                  | found it on level 8 of the Dungeon)
  7551 | D:9      | Found a deep blue altar of Sif Muna.
  7551 | D:9      | Found a shimmering altar of Xom.
  7557 | D:9      | Found a hazy altar of Hepliaklqana.
  7813 | D:9      | Found a staircase to the Lair.
  7837 | D:10     | Entered Level 10 of the Dungeon
  7914 | D:10     | Noticed a gargoyle
  7932 | D:10     | Killed a gargoyle
  8016 | D:10     | Reached skill level 11 in Axes
  8215 | D:10     | Reached XP level 11. HP: 69/69 MP: 11/11
  8471 | D:11     | Noticed a seven-headed hydra
  8474 | D:11     | Received a gift from Trog
  8478 | D:11     | Killed a seven-headed hydra
  8522 | D:11     | Found Tux Dupt's Book Boutique.
  8624 | D:11     | Found a staircase to the Orcish Mines.
  9118 | D:11     | Noticed Lucherd's ghost (journeyman GnFE)
  9119 | D:11     | Found a runed door.
  9269 | Lair:1   | Entered Level 1 of the Lair of Beasts
  9288 | Lair:1   | Reached skill level 12 in Axes
  9930 | Lair:2   | Noticed a four-headed hydra
  9935 | Lair:2   | Killed a four-headed hydra
  9976 | Lair:2   | Noticed a five-headed hydra
  9982 | Lair:2   | Killed a six-headed hydra
  9982 | Lair:2   | Reached skill level 10 in Fighting
  9982 | Lair:2   | Reached XP level 12. HP: 63/77 MP: 12/12
  9999 | Lair:2   | Noticed a five-headed hydra
 10004 | Lair:2   | Killed a five-headed hydra
 10254 | Lair:2   | Reached skill level 10 in Armour
 10348 | Lair:2   | Noticed a five-headed hydra
 10355 | Lair:2   | Killed a five-headed hydra
 10355 | Lair:2   | Reached skill level 13 in Axes
 10836 | Lair:3   | Noticed Fannar
 10845 | Lair:3   | Killed Fannar
 10888 | Lair:3   | Found a staircase to the Shoals.
 11055 | Lair:3   | Noticed Urug
 11067 | Lair:3   | Killed Urug
 11762 | Lair:4   | Found a staircase to the Snake Pit.
 11769 | Lair:4   | Noticed a seven-headed hydra
 11786 | Lair:4   | Killed an eight-headed hydra
 12257 | Lair:4   | Reached XP level 13. HP: 64/84 MP: 13/13
 13118 | Lair:5   | Reached skill level 14 in Axes
 13474 | Lair:6   | Entered Level 6 of the Lair of Beasts
 13924 | Lair:6   | Reached skill level 5 in Dodging
 14264 | Lair:6   | Gained mutation: Your large and strong wings let you fly
                  | indefinitely. [Gargoyle growth]
 14264 | Lair:6   | Reached XP level 14. HP: 67/92 MP: 14/14
 14451 | Lair:6   | Found a viscous altar of Jiyva.
 14452 | Lair:6   | Found a staircase to the Slime Pits.
 14576 | Lair:6   | Found a large runed door.
 14577 | Lair:6   | Found a large runed door.
 14580 | Lair:6   | Noticed WhitewaterBastard's ghost (journeyman MiFi)
 14998 | D:12     | Received a gift from Trog
 15158 | D:12     | Noticed Rupert
 15185 | D:12     | Killed Rupert
 15323 | D:12     | Noticed Josephine
 15339 | D:12     | Killed Josephine
 16064 | D:13     | Found Kyga's Food Boutique.
 16341 | D:13     | Received a gift from Trog
 16565 | D:13     | Found a transporter.
 16568 | D:13     | Noticed WhitewaterBastard's ghost (journeyman MiBe)
 16586 | D:13     | Found a transporter.
 17061 | D:14     | Reached skill level 15 in Axes
 17517 | D:14     | Noticed Louise
 17517 | D:14     | Cast into level 3 of the Abyss (Louise)
 17565 | Abyss:3  | Got a heavily runed hat
 17576 | Abyss:3  | Identified the +2 hat of Gallantry {-Tele MR++ rCorr
                  | Slay+3} (You found it on level 3 of the Abyss)
 17609 | Abyss:3  | Noticed an ophan
 17635 | Abyss:3  | Killed an ophan
 17788 | Abyss:3  | Noticed a starcursed mass
 17800 | Abyss:3  | Paralysed by accursed screaming for 1 turns
 17806 | Abyss:3  | Noticed a hellephant
 17808 | Abyss:3  | Paralysed by accursed screaming for 1 turns
 17810 | Abyss:3  | Gained mutation: You tend to lose your temper in combat.
                  | [potion of mutation]
 17810 | Abyss:3  | Lost mutation: You tend to lose your temper in combat.
                  | [potion of mutation]
 17810 | Abyss:3  | Gained mutation: You are partially covered in molten
                  | scales. (AC +2) [potion of mutation]
 17810 | Abyss:3  | Gained mutation: You possess an exceptional clarity of
                  | mind. [potion of mutation]
 17813 | Abyss:3  | HP: 2/96 [starcursed mass/accursed screaming (8)]
 17813 | Abyss:3  | Killed from afar by a hellephant

Skill      XL: |  1  2  3  4  5  6  7  8  9 10 11 12 13 14 |
---------------+-------------------------------------------+-----
Axes           | 3 4 5 6 7 9 11 12 13 14 15 | 15.5
Fighting       | 4 5 6 7 8 10 11 12 14 | 14.0
Dodging        | 2 3 4 5 |  5.7
Armour         | 3 4 5 6 8 9 11 12 13 | 13.6
Stealth        | 1 2 |  2.7

Action                   |  1- 3 |  4- 6 |  7- 9 | 10-12 | 13-15 || total
-------------------------+-------+-------+-------+-------+-------++-------
Melee: Hand axe          |    88 |   308 |   381 |   772 |   648 ||  2197
       Broad axe         |       |       |       |       |   191 ||   191
       Battleaxe         |       |       |       |       |     8 ||     8
Invok: Berserk           |     1 |     3 |     7 |     7 |     8 ||    26
       Brothers in Arms  |       |       |       |     6 |     3 ||     9
 Abil: Fly               |       |       |       |       |     1 ||     1
  Use: Scroll            |       |       |       |    31 |     3 ||    34
       Potion            |       |       |       |     1 |     6 ||     7
  Eat: Chunk             |       |    11 |    15 |    27 |    18 ||    71
       Ration            |       |       |       |     2 |     3 ||     5
Armor: Animal skin       |     7 |       |       |       |       ||     7
       Plate armour      |    50 |   303 |    91 |       |       ||   444
       Chain mail        |       |       |   185 |   446 |   742 ||  1373
Dodge: Dodged            |    49 |   114 |   149 |   308 |   438 ||  1058
